Unix NetHack Version 5.0.0-0 post-release - last build Jul 14 2026 02:55:29 (1809b74e8187c3a3585e283601c3028b46cbbdcb,branch:main).

Game began 2026-07-16 22:00:14, ended 2026-07-17 18:28:33.

Anarchos, lawful female dwarven Valkyrie

                            --------------------
                            |.+...........^>...|
                            |.|------------.u..---
                            |.%.......|---|.-@i..|
                            --|.%.....|...|...--.|
                              |..%....|..Po.W....|
                              |..(<...|-.--.-....|
                              |.......|...|....-.|
                              |.......|.`....-...|
                              |.......|.|``-.`.-.|
                              ----------|..`.....|
                                        |....|.---
                                        --------

Anarchos the Fighter        St:18/05 Dx:10 Co:18 In:8 Wi:10 Ch:7  Lawful
Dlvl:4  $:383 HP:0(89) Pw:11(11) AC:-3 Xp:8 T:7704  Satiated

Latest messages:
 The vampire bat bites again!
 You hit the fog cloud!
 The ogre lord swings his club.
 The ogre lord misses!
 The pony misses!
 The pony bites!
 The jaguar hits!
 The jaguar hits again!
 The jaguar bites!
 The vampire bat bites!
 The vampire bat bites again!
 The Woodland-elf hits!
 The jaguar misses!
 The jaguar misses!
 The jaguar bites!
 The vampire bat just misses!
 The vampire bat bites!
 You miss the fog cloud.
 The ogre lord swings his club.
 The ogre lord hits!
 The pony misses!
 The pony misses!
 The jaguar misses!
 The jaguar misses!
 The jaguar just misses!
 The vampire bat just misses!
 The vampire bat bites!
 The Woodland-elf hits!
 The jaguar misses!
 The jaguar hits!
 The jaguar misses!
 What do you want to read? [*] ?
 Never mind.
 What do you want to zap? [e or ?*] e
 In what direction? >
 You dig a hole through the floor.
 You fall through...
 Valkyrie, your life force is running out.
 The manes misses!
 The manes just misses!
 The manes misses!
 The pony kicks!
 The pony bites!
 What do you want to throw? [$biFI or ?*] J
 In what direction? 7
 The corpse misses the pony.
 The pony kicks!
 You die...
 Do you want your possessions identified? [ynq] (y) y
 Do you want to see your attributes? [ynq] (y) q

Inventory:
 Coins    ('$')
  $ - 383 gold pieces
 Amulets  ('"')
  K - an uncursed amulet of reflection
 Weapons  (')')
  b - a +0 dagger (at the ready)
  a - a +1 dwarvish spear (weapon in right hand)
  I - a +0 orcish dagger
  F - a cursed -3 club
  i - the +0 Orcrist
 Armor    ('[')
  M - an uncursed +1 pair of high boots (being worn)
  c - an uncursed burnt +3 small shield (being worn)
  Q - an uncursed +0 alchemy smock with text "I'm making SCIENCE!" (being worn)
  y - an uncursed +0 splint mail (being worn)
 Wands    ('/')
  e - a blessed wand of digging (0:5)
 Tools    ('(')
  G - an uncursed leash
  f - a cursed skeleton key
  W - a +0 unicorn horn

Anarchos the Valkyrie's attributes:

Background:
 You were a Fighter, a level 8 dwarven Valkyrie.
 You were lawful, on a mission for Tyr
 who was opposed by Odin (neutral) and Loki (chaotic).
 You were right-handed.
 You were in Sokoban, on level 4.
 You entered the dungeon 7704 turns ago.
 There was a new moon in effect when your adventure ended.
 You had 2153 experience points, 407 more were needed to attain level 9.

Basics:
 You had 0 out of 89 hit points.
 You had all 11 energy points (spell power).
 Your armor class was -3.
 Your wallet contained 383 zorkmids.
 Autopickup was on for all types.

Final Characteristics:
 Your strength was 18/05 (limit:18/100).
 Your dexterity was 10 (limit:20).
 Your constitution was 18 (limit:20).
 Your intelligence was 8 (limit:16).
 Your wisdom was 10 (limit:16).
 Your charisma was 7 (limit:16).

Final Status:
 You were satiated.
 You were unencumbered.
 You were wielding a spear.
 You were skilled in spear.

Final Attributes:
 You were piously aligned.
 You were cold resistant.
 You were poison resistant.
 You were acid resistant.
 Your items were protected from acid.
 You had infravision.
 You were stealthy.
 You were warded.
 Your spell casting was impaired by metallic armor.
 You were fast.
 You are dead.

Miscellaneous:
 You didn't encounter any bones levels.
 Total elapsed playing time was 2 hours, 35 minutes and 16 seconds.

Major events:
 Turn
    1: Anarchos the lawful dwarven Valkyrie entered the dungeon
  705: attained the rank of Skirmisher (level 3)
 3677: entered Sokoban
 3994: attained the rank of Fighter (level 6)
 5156: completed 1st Sokoban level
 5379: completed 2nd Sokoban level
 5441: chose an elven broadsword to be named "Orcrist"
 5656: completed 3rd Sokoban level
 6814: completed 4th Sokoban level
 7684: acquired the Sokoban amulet of reflection
 7704: killed by a pony

Spells:
 Name                 Level Category     Fail Retention
 cure sickness          3   healing      100%   51%-75%

Skills:
 Fighting Skills
   bare handed combat [Unskilled]
   two weapon combat  [Unskilled]
   riding             [Unskilled]
 Weapon Skills
   dagger             [Basic]
   axe                [Unskilled]
   pick-axe           [Unskilled]
   short sword        [Unskilled]
   broadsword         [Basic]
   long sword         [Unskilled]
   two-handed sword   [Unskilled]
   saber              [Unskilled]
   hammer             [Unskilled]
   quarterstaff       [Unskilled]
   polearms           [Unskilled]
   spear              [Skilled]
   trident            [Unskilled]
   lance              [Unskilled]
   sling              [Unskilled]
 Spellcasting Skills
   attack spells      [Unskilled]
   escape spells      [Unskilled]

Voluntary challenges:
 Character rerolling was not enabled.
 You never genocided any monsters.
 You never polymorphed an object.
 You used no wishes.
 You did not violate any of the special Sokoban rules.
Achievements:
 You attained the rank of Skirmisher.
 You entered a shop.
 You entered Sokoban.
 You attained the rank of Fighter.
 You completed Sokoban.

 The Dungeons of Doom: levels 1 to 7
    Level 1:
       A fountain.
    Level 2:
       A fountain.
    Level 3:
    Level 4:
       A general store, a grave.
    Level 5:
    Level 6:
       Some fountains.
       Oracle of Delphi.
    Level 7:
       Some fountains.
       Stairs up to Sokoban, level 6.
 Sokoban: levels 6 up to 3
    Level 3:
       Solved.
    Level 4: <- You were here.
       Solved.
       Final resting place for
          you, killed by a pony.
    Level 5:
       Solved.
    Level 6:
       Solved.


Vanquished creatures:
  2 giant mimics
  a small mimic
  a tiger
 an energy vortex
 an ettin zombie
  2 chameleons
  a crocodile
  4 wolves
  a winter wolf cub
  a lynx
  a leprechaun
 an orc mummy
  a dwarf mummy
  3 ogres
  a rust monster
 an owlbear
  a gold golem
  2 lizards
  3 jaguars
  a blue jelly
  a gray unicorn
  a snake
  a human zombie
  a Woodland-elf
  2 soldier ants
 an imp
  a water nymph
  2 Uruk-hai
  3 fog clouds
  3 violet fungi
  2 kobold mummies
  a straw golem
  a baby crocodile
  5 giant ants
  a floating eye
  a dwarf
  a homunculus
  9 hill orcs
  7 rothes
  a rabid rat
  a centipede
  a monkey
  a wererat
  4 iguanas
 an acid blob
  2 coyotes
 11 manes
  3 large kobolds
  a hobgoblin
  a giant rat
  a cave spider
  a yellow mold
  a green mold
  a red mold
  a gnome
  4 geckos
 10 jackals
  2 foxes
  a kobold
  5 goblins
  a sewer rat
  2 grid bugs
  4 bats
  4 lichens
  4 newts
143 creatures vanquished.

No species were genocided or became extinct.

Game over:
                       ----------
                      /          \
                     /    REST    \
                    /      IN      \
                   /     PEACE      \
                  /                  \
                  |     Anarchos     |
                  |      383 Au      |
                  | killed by a pony |
                  |                  |
                  |                  |
                  |                  |
                  |       2026       |
                 *|     *  *  *      | *
        _________)/\\_//(\/(/\)/\//\/|_)_______

Farvel Anarchos the Valkyrie...

You died in Sokoban on dungeon level 4 with 9293 points,
and 383 pieces of gold, after 7704 moves.
You were level 8 with a maximum of 89 hit points when you died.

